 Dungeon Crawl Stone Soup version 0.31-a0-1154-gadca813884 (webtiles) character file.

Game seed: 15702816013859050557

3767 Pangenus the Geomancer (level 9, -10/62 HPs)
             Began as a White Draconian Earth Elementalist on Dec 7, 2023.
             Was an Initiate of Sif Muna.
             Mangled by a troll (16 damage)
             ... on level 9 of the Dungeon.
             The game lasted 00:17:44 (6201 turns).

Pangenus the Geomancer (DrEE)                       Turns: 6201, Time: 00:17:45

Health: -10/62     AC:  9    Str: 10    XL:     9   Next: 94%
Magic:  18/22      EV: 12    Int: 25    God:    Sif Muna [......]
Gold:   277        SH:  0    Dex: 13    Spells: 18/27 levels left

rFire   . . .        b - +0 dagger
rCold   + . .        (no shield)
rNeg    . . .        (body armour unavailable)
rPois   .            (helmet restricted)
rElec   .            (no cloak)
rCorr   .            t - +1 pair of gloves
SInv    .            (no boots)
Will    +....        (no amulet)
Stlth   ++           e - +6 ring of intelligence
HPRegen 0.30/turn    f - ring of willpower
MPRegen 0.18/turn

%: no passive effects
@: no status effects
A: breathe frost, AC +7, unfitting armour, cold resistance 1, cold-blooded
a: Breathe Frost, Renounce Religion


You were on level 9 of the Dungeon.
You worshipped Sif Muna.
Sif Muna was noncommittal.
You visited 2 branches of the dungeon, and saw 10 of its levels.

You collected 433 gold pieces.
You spent 156 gold pieces at shops.

Inventory:

Hand Weapons
 b - a +0 dagger (weapon)
 j - a +2 hand axe of flaming
Missiles
 w - a throwing net
Armour
 g - a +0 barding
 p - a +0 robe
 t - a +1 pair of gloves (worn)
Jewellery
 e - a +6 ring of intelligence (left hand)
 f - a ring of willpower (right hand)
 k - an amulet of faith
 A - an amulet of reflection
 C - a ring of magical power
Talismans
 d - a flux talisman
 y - a beast talisman
Wands
 o - a wand of flame (33)
 x - a wand of charming (12)
Scrolls
 c - 5 scrolls of identify
 n - 3 scrolls of fear
 s - 3 scrolls of noise
 v - a scroll of vulnerability
 z - a scroll of blinking
 B - a scroll of fog {unknown}
Potions
 a - a potion of magic
 h - 2 potions of curing {unknown}
 i - 3 potions of degeneration {unknown}
 l - 2 potions of attraction
 m - 2 potions of heal wounds {unknown}
 q - a potion of mutation {unknown}
 r - 3 potions of resistance {unknown}
 u - 2 potions of invisibility {unknown}


   Skills:
 + Level 0.1 Fighting
 + Level 2.1 Dodging
 + Level 2.8 Stealth
 * Level 9.6 Spellcasting
 + Level 1.0 Transmutations
 * Level 10.2 Earth Magic


You had 18 spell levels left.
You knew the following spells:

 Your Spells              Type           Power      Damage    Failure   Level
a - Sandblast             Erth           100%       2d20      1%          1
b - Stone Arrow           Conj/Erth      74%        3d11      1%          3
c - Freeze                Ice            48%        1d6       5%          1
d - Brom's Barrelling Bo  Conj/Erth      37%        2d6       6%          4

Your spell library contained the following spells:

 Spells                   Type           Power      Damage    Failure   Level
 Passwall                 Tmut/Erth      33%        N/A       1%          2
 Petrify                  Tmut/Erth      40%        N/A       4%          4
 Shock                    Conj/Air       48%        1d6       5%          1
 Frozen Ramparts          Ice            24%        1d4       16%         3
 Hailstorm                Conj/Ice       12%        3d6       16%         3
 Swiftness                Air            12%        N/A       16%         3
 Borgnjor's Vile Clutch   Necr/Erth      18%        N/A       17%         5
 Airstrike                Air            6%         2d(1-17)  45%         4
 Anguish                  Hex/Necr       6%         N/A       45%         4
 Cause Fear               Hex            6%         N/A       45%         4
 Metabolic Englaciation   Hex/Ice        6%         N/A       82%         5
 Enfeeble                 Hex            6%         N/A       100%        7


Dungeon Overview and Level Annotations

Branches:
Dungeon (9/15)             Temple (1/1) D:7
   Lair: D:8-11         Orc: D:9-12

Altars:
Ashenzari
Cheibriados
Dithmenos
Elyvilon
Fedhas
Gozag
Hepliaklqana
Kikubaaqudgha
Makhleb
Nemelex Xobeh
Okawaru
Qazlal
Ru
Sif Muna
Trog
Uskayaw
Vehumet
Xom
Yredelemnul
Zin
The Shining One

Shops:
D:6 :

Annotations:
D:4 2 transporters, Xtruder99's ghost, amateur GnSh


Innate Abilities, Weirdness & Mutations

You can breathe waves of freezing cold which knock back foes.
Your icy white scales are hard. (AC +7)
You cannot fit into any form of body armour.
Your flesh is cold resistant. (rC+)
You are cold-blooded and may be slowed by cold attacks.


Message History

There is a stone staircase leading down here.
You climb downwards.
Found a dazzling hand axe and a scroll labelled OZYENT PUSUCW.
There is a stone staircase leading up here.
An orc is nearby!
An orc comes into view. It is wielding a +0 club.
An orc warrior comes into view. It is wielding a +0 battleaxe.
The blast of sand hits the orc!!
You kill the orc!
Sif Muna accepts your kill.
The orc warrior shouts!
You hear a shout!
The orc shouts!
You hear an angry growl.
An orc comes into view. It is wielding a +0 flail.
The orc shouts!
A troll comes into view.
The blast of sand hits the orc!!
You kill the orc!
Sif Muna accepts your kill.
The blast of sand hits the orc warrior but does no damage.
The orc warrior hits you with a +0 battleaxe!
The blast of sand hits the orc warrior!
The orc warrior is moderately wounded.
The orc warrior hits you with a +0 battleaxe!
A black bear comes into view.
The orc warrior hits you with a +0 battleaxe.
The blast of sand misses the orc warrior.
The blast of sand hits the troll.
The troll is lightly wounded.
The orc hits you but does no damage.
The orc warrior hits you with a +0 battleaxe.
The blast of sand hits the orc warrior!
The orc warrior is severely wounded.
The troll bites you! The troll claws you!
* * * LOW HITPOINT WARNING * * *
The troll barely misses you. The orc hits you with a +0 flail.
* * * LOW HITPOINT WARNING * * *
The orc warrior hits you but does no damage.
The orc warrior closely misses you. The orc hits you but does no damage.
The troll bites you!
You die...

..... ..
.....###.##
..........##
.......<...##
............##.
.........#.....
.........#.....
...............
.......@..#####
....h.ooT##
?.....)).#
.........#
.........#
......#..#
#.....#...
..........


You could see a troll, an orc warrior, a black bear and an orc.

Vanquished Creatures
  2 two-headed ogres
  Prince Ribbit (D:5)
  A wyvern (D:8)
  An ice beast (D:8)
  2 black bears (D:6)
  2 ogres (D:4)
  A centaur (D:6)
  2 phantoms (D:4)
  2 kobold brigands
  3 bullfrogs
  7 scorpions
  4 howler monkeys
  3 jellies
  3 orc priests
  3 hounds
  A gnoll bouda (D:7)
  2 sleepcaps
  2 iguanas
  An orc wizard (D:6)
  11 gnolls
  6 adders
  3 shadow imps
  2 ufetubi (D:6)
  3 worms
  A dart slug (D:3)
  17 orcs
  2 bats (D:3)
  2 endoplasms
  4 giant cockroaches
  5 goblins
  3 hobgoblins
  A jackal (D:1)
  8 quokkas
  8 ball pythons
  3 frilled lizards
  11 kobolds
  A rat (D:3)
134 creatures vanquished.

Notes
Turn   | Place    | Note
-------+----------+-------------------------------------------
     0 | D:1      | Pangenus the Draconian Earth Elementalist began the quest
                  | for the Orb.
     0 | D:1      | Reached XP level 1. HP: 14/14 MP: 3/3
   321 | D:1      | You fall into a shaft and drop 1 floor!
   422 | D:2      | Reached XP level 2. HP: 20/20 MP: 1/5
   982 | D:2      | Reached XP level 3. HP: 26/26 MP: 3/6
  1254 | D:2      | Learned a level 3 spell: Stone Arrow
  1588 | D:3      | Reached skill level 4 in Earth Magic
  1588 | D:3      | Reached XP level 4. HP: 33/33 MP: 6/8
  1966 | D:3      | Found a bloodstained altar of Trog.
  2179 | D:4      | Noticed a phantom
  2186 | D:4      | Killed a phantom
  2187 | D:4      | Reached XP level 5. HP: 31/38 MP: 5/10
  2304 | D:4      | Found a transporter.
  2314 | D:4      | Noticed an ogre
  2320 | D:4      | Killed an ogre
  2321 | D:4      | Reached skill level 5 in Earth Magic
  2321 | D:4      | Reached XP level 6. HP: 45/45 MP: 8/12
  2442 | D:4      | Noticed Xtruder99's ghost (amateur GnSh)
  2443 | D:4      | Found a transporter.
  2679 | D:4      | Reached skill level 5 in Spellcasting
  2679 | D:4      | Reached skill level 6 in Earth Magic
  2679 | D:4      | Your scales start taking on an icy white colour.
  2679 | D:4      | Reached XP level 7. HP: 50/50 MP: 9/14
  2679 | D:4      | Gained mutation: Your flesh is cold resistant. (rC+) [White
                  | Draconian growth]
  2683 | D:4      | Learned a level 1 spell: Freeze
  2839 | D:5      | Entered Level 5 of the Dungeon
  2856 | D:5      | Noticed Prince Ribbit
  2859 | D:5      | Killed Prince Ribbit
  3066 | D:5      | Reached skill level 7 in Earth Magic
  3074 | D:5      | Reached XP level 8. HP: 51/57 MP: 7/17
  3565 | D:6      | Found Mepnuddama's Self-Published Books.
  3588 | D:6      | Bought the Book of Modern Magic, Vol. 21 for 156 gold
                  | pieces
  4046 | D:6      | Reached skill level 8 in Earth Magic
  4573 | D:7      | Reached XP level 9. HP: 62/62 MP: 18/21
  4798 | D:7      | Found a staircase to the Ecumenical Temple.
  5172 | D:7      | Noticed a two-headed ogre
  5178 | D:7      | Killed a two-headed ogre
  5179 | D:7      | Reached skill level 9 in Earth Magic
  5480 | Temple   | Entered the Ecumenical Temple
  5491 | Temple   | Became a worshipper of Sif Muna the Loreminder
  5524 | D:8      | Noticed a two-headed ogre
  5528 | D:8      | Killed a two-headed ogre
  5556 | D:8      | Found a large runed translucent door.
  5556 | D:8      | Found a large runed translucent door.
  5567 | D:8      | Reached skill level 10 in Earth Magic
  5922 | D:8      | Found a hide-covered altar of Uskayaw.
  5930 | D:8      | Found an ancient bone altar of Kikubaaqudgha.
  5937 | D:8      | Found a blossoming altar of Fedhas.
  5945 | D:8      | Found a burning altar of Makhleb.
  6116 | D:8      | Learned a level 4 spell: Brom's Barrelling Boulder
  6160 | D:8      | Found a white marble altar of Elyvilon.
  6163 | D:8      | Found a broken altar of Ashenzari.
  6196 | D:9      | Noticed a troll
  6201 | D:9      | Mangled by a troll

Illustrated notes

Levels and vault maps discovered:
D:1:      dpeg_arrival_court, layout_basic, shapermc_ecumenical_altar_gd,
          nicolae_titane
D:2:      layout_basic, minmay_worlds_worst_comb
D:3:      minmay_general_purpose_star, layout_rooms, trog_butcher_becter
D:4:      layout_rooms, gammafunk_ghost_arena, kennysheep_another_room
D:5:      layout_basic, serial_rivers, chequers_serial_rivers_small_a,
          chequers_serial_rivers_large_a, chequers_serial_rivers_small_b,
          chequers_serial_rivers_room_b, chequers_serial_rivers_micro_d,
          st_stairs_12, uniq_prince_ribbit1
D:6:      kennysheep_spiral_hall, layout_cave_pods, minmay_misc_feat_alley,
          kennysheep_decorative_pillar, nicolae_custom_books, dk_vineyard_2,
          dreamdust_gnoll_farm
D:7:      layout_cave_pods, minmay_temple_entry_mist, grunt_decor_one_mirror,
          minmay_misc_feat_square, hangedman_decor_growths,
          hangedman_decor_peaks_small, grunt_ministairs_13
D:8:      layout_cave_pools, jmf_multi_god_temple2,
          nicolae_overflow_macrodata_refinement
D:9:      layout_cave_pools, general_overflow_altar,
          due_lair_maze_entry_diamond, serial_shops, shop,
          nicolae_shop_i_like_big_books, uniq_maggie, uniq_pikel
Temple:   nicolae_temple_great_sept

Skill      XL: |  1  2  3  4  5  6  7  8  9 |
---------------+----------------------------+-----
Stealth        | 2 |  2.8
Spellcasting   | 3 4 5 6 8 9 |  9.6
Earth Magic    | 4 5 6 7 8 10 | 10.2
Dodging        | 2 |  2.1
Fighting       | |  0.1
Transmutations | |  1.0

Action                     |  1- 3 |  4- 6 |  7- 9 || total
---------------------------+-------+-------+-------++-------
  Melee: Dagger            |     5 |       |    16 ||    21
         Tailslap          |       |       |     4 ||     4
   Cast: Sandblast         |    53 |    42 |   140 ||   235
    Use: Scroll            |       |       |    10 ||    10
 Armour: Skin              |    11 |    10 |    64 ||    85
  Dodge: Dodged            |    14 |     5 |    56 ||    75

Table legend: (Time is in decaauts)
 A = Elapsed time spent in this place.
 B = Non-inter-level travel time spent in this place.
 C = Inter-level travel time spent in this place.
 D = Time resting spent in this place.
 E = Time spent auto-exploring this place.
 F = Levels seen in this place.
 G = Mean time per level.
                   A        B        C        D        E       F      G
               +--------+--------+--------+--------+--------+-----+--------+
         Total |   6318 |   6109 |    209 |      0 |   5326 |  10 |  631.8 |
       Dungeon |   6295 |   6106 |    189 |      0 |   5326 |   9 |  699.4 |
        Temple |     22 |      2 |     20 |      0 |      0 |   1 |   22.0 |
               +--------+--------+--------+--------+--------+-----+--------+

Top non-repeatable levels by time:
     D:6: 1235 daAuts
     D:7: 1120 daAuts
     D:2: 946 daAuts
     D:3: 848 daAuts
     D:4: 768 daAuts
     D:8: 675 daAuts
     D:5: 363 daAuts
     D:1: 324 daAuts
  Temple: 22 daAuts
     D:9: 13 daAuts
